 Dungeon Crawl Stone Soup version 0.30.1 (webtiles) character file.

Game seed: 18032201747036969620

242 Fodor the Covered (level 5, 0/46 HPs)
             Began as a Minotaur Fighter on July 5, 2023.
             Slain by a gnoll
             ... wielding a +0 spear
              (5 damage)
             ... on level 4 of the Dungeon.
             The game lasted 00:17:12 (3018 turns).

Fodor the Covered (Minotaur Fighter)                Turns: 3018, Time: 00:17:13

Health: 0/46       AC: 12    Str: 26    XL:     5   Next: 81%
Magic:  14/14      EV: 10    Int: 10    God:
Gold:   103        SH:  4    Dex:  9    Spells: 4/4 levels left

rFire   . . .        s - +2 spear of Bakuxoc {freeze, Str+3}
rCold   . . .        c - +0 buckler
rNeg    . . .        b - +0 scale mail
rPois   .            y - +3 hat of Pondering {ponderous, Will+ MP+10 Int+5}
rElec   .            k - +1 cloak {rCorr}
rCorr   +            (no gloves)
SInv    +            (no boots)
Will    +....        (no amulet) Stlth
                     w - ring of see invisible
HPRegen 0.27/turn    (no ring)
MPRegen 0.14/turn

%: no passive effects
@: slow
A: horns 2, retaliatory headbutt
a: no special abilities


You were on level 4 of the Dungeon.
You visited 1 branch of the dungeon, and saw 4 of its levels.

You collected 103 gold pieces.

Inventory:

Hand Weapons
 a - a +0 long sword
 s - the +2 spear of Bakuxoc (weapon) {freeze, Str+3}
   (You found it on level 2 of the Dungeon)

   Str:       It affects your strength (+3).
 x - a +2 flail of protection
Armour
 b - a +0 scale mail (worn)
 c - a +0 buckler (worn)
 k - a +1 cloak of preservation (worn)
 v - a +3 leather armour of poison resistance
 y - the +3 hat of Pondering (worn) {ponderous, Will+ MP+10 Int+5}
   (You found it on level 4 of the Dungeon)

   Int:       It affects your intelligence (+5).
   MP:        It affects your magic capacity (+10).
   Will:      It increases your willpower.
Jewellery
 p - a ring of protection from fire
 w - a ring of see invisible (left hand)
Wands
 q - a wand of roots (20)
 u - a wand of flame (20)
Scrolls
 e - a scroll of magic mapping {unknown}
 f - a scroll of torment
 h - 2 scrolls of enchant weapon
 l - 2 scrolls of fog
 m - a scroll of poison
 n - a scroll of noise {unknown}
 o - a scroll of immolation {unknown}
 r - a scroll of fear {unknown}
 t - a scroll of brand weapon {unknown}
Potions
 d - a potion of might
 i - a potion of lignification {unknown}
 j - a potion of curing {unknown}


   Skills:
 + Level 4.1 Fighting
 + Level 4.2 Long Blades
 + Level 1.5 Polearms
 + Level 5.2 Armour
 + Level 1.4 Dodging
 + Level 0.3 Stealth
 + Level 4.7 Shields


You had 4 spell levels left.
You didn't know any spells.
Your spell library contained the following spells:

 Spells                   Type           Power      Damage    Failure   Level
 Dazzling Flash           Conj/Hex       0%         N/A       96%         3
 Volatile Blastmotes      Fire/Tloc      0%         2d10      96%         3
 Iskenderun's Mystic Bla  Conj/Tloc      0%         2d3       100%        4
 Starburst                Conj/Fire      0%         6d3       100%        6


Dungeon Overview and Level Annotations

Branches:
Dungeon (4/15)
 Temple: D:4-7

Altars:
Kikubaaqudgha

Shops:
D:4 *


Innate Abilities, Weirdness & Mutations

You have a pair of horns on your head.
You reflexively headbutt those who attack you in melee.


Message History

Throw: dart (poison)
Press: ? - help, Q - select action, (/) - cycle Shift-Dir - straight line, f/p - gnoll
Aim: a gnoll, wielding a +0 spear (60% to hit)
You throw a poisoned dart. The poisoned dart hits the gnoll.
The gnoll is poisoned.
The gnoll completely misses you. The gnoll barely misses you.
A gnoll comes into view. It is wielding a +0 spear.
The gnoll shouts!
You hear a shout! x2
The gnoll hits you with a +0 spear. The gnoll closely misses you.
Items here: ))) [ ††.
You hit the gnoll. You freeze the gnoll.
The gnoll is heavily wounded.
An orc comes into view. It is wielding a +0 dagger.
The orc hits you with a +0 whip.
* * * LOW HITPOINT WARNING * * *
The gnoll barely misses you. x3
You hit the gnoll. You freeze the gnoll.
You kill the gnoll!
The gnoll hits you with a +0 spear.
* * * LOW HITPOINT WARNING * * *
You block the orc's attack.
The gnoll hits you from afar with a +0 spear.
* * * LOW HITPOINT WARNING * * *
The gnoll hits you but does no damage. The gnoll misses you.
The orc hits you but does no damage. You block the gnoll's attack.
You closely miss the orc. The orc hits you with a +0 whip.
* * * LOW HITPOINT WARNING * * *
The gnoll hits you but does no damage.
You puncture the orc! You freeze the orc.
You kill the orc!
The gnoll hits you but does no damage. The gnoll hits you with a +0 spear.
* * * LOW HITPOINT WARNING * * *
The gnoll hits you but does no damage.
You see here a +0 whip.
You barely miss the gnoll. The gnoll hits you with a +0 spear.
* * * LOW HITPOINT WARNING * * *
The gnoll hits you with a +0 spear.
You die...

#.### #######...##
#.....###..# ####.....#
##.# ...#.....# #.#
#.##.[...# #.#
####.##.....# #.#
#....##.g...####.######.
#(..)).og@..............
#(...#############.....#
...(..... ##...#
..##...#.# ..+ . ###. ..
.# ## .## # .. ..


You could see 2 gnolls and an orc.

Vanquished Creatures
  A sleepcap (D:4)
  Ijyb (D:3)
  2 iguanas (D:4)
  An orc wizard (D:4)
  2 gnolls (D:4)
  4 adders
  A worm (D:2)
  3 dart slugs
  4 orcs
  3 ball pythons
  5 endoplasms
  2 giant cockroaches
  5 goblins
  2 hobgoblins
  2 jackals (D:1)
  A quokka (D:2)
  A bat (D:1)
  2 frilled lizards
  5 kobolds
  5 rats
52 creatures vanquished.

Notes
Turn   | Place    | Note
-------+----------+-------------------------------------------
     0 | D:1      | Fodor the Minotaur Fighter began the quest for the Orb.
     0 | D:1      | Reached XP level 1. HP: 19/19 MP: 0/0
   188 | D:1      | Reached XP level 2. HP: 25/27 MP: 1/1
   320 | D:1      | Reached skill level 4 in Armour
   902 | D:2      | Reached XP level 3. HP: 33/33 MP: 2/2
   950 | D:2      | Found a faded altar of an unknown god.
  1466 | D:3      | Found an ancient bone altar of Kikubaaqudgha.
  1806 | D:2      | Reached XP level 4. HP: 38/40 MP: 3/3
  1810 | D:2      | Identified the +2 spear of Bakuxoc {freeze, Str+3}
  2152 | D:3      | Noticed Ijyb
  2169 | D:3      | Killed Ijyb
  2362 | D:3      | Reached skill level 1 in Dodging
  2598 | D:4      | Found Ofesazan's Gadget Gallery.
  2826 | D:4      | Reached XP level 5. HP: 46/46 MP: 4/4
  2881 | D:4      | Reached skill level 5 in Armour
  2941 | D:4      | Found the +3 hat of Pondering {ponderous, Will+ MP+10
                  | Int+5}
  3002 | D:4      | Reached skill level 1 in Polearms
  3018 | D:4      | Slain by a gnoll

Illustrated notes

Levels and vault maps discovered:
D:1:      spicycebolla_green_bress_n_ham, layout_loops_ring,
          minmay_tree_intersection
D:2:      layout_basic, dreamdust_ecumenical_altar_statues, serial_aquarium,
          aquarium_bridge_straight [aquarium_subvault_bridge,
          aquarium_subvault_wall, aquarium_subvault_bridge,
          aquarium_subvault_wall], aquarium_window_fake, aquarium_window_1,
          aquarium_view_2g, aquarium_view_2f
D:3:      layout_basic, kiku_gazebo_pond_becter, uniq_ijyb
D:4:      layout_basic, gammafunk_ghost_nasty_kobolds, nicolae_shop_gadgets

Skill      XL: |  1  2  3  4  5 |
---------------+----------------+-----
Armour         | 4 5 |  5.2
Shields        | 4 |  4.7
Long Blades    | 3 4 |  4.2
Dodging        | 1 |  1.4
Fighting       | 4 |  4.1
Polearms       | 1 |  1.5
Stealth        | |  0.3

Action                     |  1- 3 |  4- 6 || total
---------------------------+-------+-------++-------
  Melee: Long sword        |    94 |       ||    94
         Headbutt          |    10 |     8 ||    18
         Spear             |       |    59 ||    59
  Throw: Dart              |       |     4 ||     4
    Use: Scroll            |       |     4 ||     4
 Armour: Scale mail        |    54 |    22 ||    76
  Dodge: Dodged            |    48 |    40 ||    88
  Block: Buckler           |    27 |    11 ||    38
